 Dungeon Crawl Stone Soup version 0.24.1-14-gf8d2b509d9 (webtiles) character file.

Game seed: 17579237631198089483, levelgen mode: deterministic

117 Hugehornet the Cudgeler (level 4, -1/44 HPs)
             Began as a Troll Fighter on May 22, 2020.
             Killed by nerve-wracking pain
             ... invoked by an orc priest
              (11 damage)
             ... on level 3 of the Dungeon.
             The game lasted 00:03:28 (1383 turns).

Hugehornet the Cudgeler (Troll Fighter)             Turns: 1383, Time: 00:03:29

Health: -1/44      AC:  6    Str: 24    XL:     4   Next: 71%
Magic:  3/3        EV:  8    Int:  5    God:
Gold:   127        SH:  8    Dex:  9    Spells: 3/3 levels left

rFire    . . .     SeeInvis .   g - +0 whip (drain)
rCold    . . .     Gourm    +   c - +0 shield
rNeg     . . .     Faith    .   b - +0 robe
rPois    +         Spirit   .   (helmet restricted)
rElec    .         Reflect  .   (no cloak)
rCorr    .         Harm     .   (gloves unavailable)
MR       .....                  (boots unavailable)
Stlth    +.........             (no amulet)
HPRegen  0.54/turn              w - ring of poison resistance
MPRegen  0.08/turn              (no ring)

@: no status effects
A: large, unfitting armour, claws 3, fast metabolism 3, gourmand, regeneration
1, shaggy fur 1, tough skin 3
a: no special abilities


You were on level 3 of the Dungeon.
You were very full.

You visited 1 branch of the dungeon, and saw 3 of its levels.

You collected 127 gold pieces.

Inventory:

Hand Weapons
 a - a +0 flail
 g - a +0 whip of draining (weapon)
 y - a +2 mace of holy wrath
Missiles
 o - 12 boomerangs (quivered)
 p - 72 stones
 q - 24 poisoned darts
Armour
 b - a +0 robe (worn)
 c - a +0 shield (worn)
Jewellery
 w - a ring of poison resistance (left claw)
 z - a +4 ring of evasion {unknown}
Scrolls
 i - 2 scrolls of noise {unknown}
 k - 2 scrolls of enchant weapon {unknown}
 l - 2 scrolls of enchant armour {unknown}
 m - a scroll of remove curse {unknown}
 n - 4 scrolls of identify {unknown}
 s - a scroll of immolation {unknown}
 t - 2 scrolls of teleportation {unknown}
 v - 2 scrolls of fear {unknown}
 x - a scroll of amnesia {unknown}
Potions
 d - a potion of might
 e - a potion of heal wounds {unknown}
 h - 5 potions of lignification {unknown}
 j - a potion of resistance {unknown}
 r - 2 potions of brilliance {unknown}
 u - 2 potions of curing {unknown}
Comestibles
 f - 8 rations


   Skills:
 - Level 2.4 Fighting
 + Level 4.5 Maces & Flails
 - Level 2.4 Dodging
 - Level 2.4 Shields


You had 3 spell levels left.
You didn't know any spells.
Your spell library contained the following spells:

 Spells                   Type           Power        Failure   Level  Hunger
 Magic Dart               Conj           #...         91%         1    ##.....
 Blink                    Tloc           N/A          97%         2    ###....
 Call Imp                 Summ           #.......     97%         2    ###....
 Slow                     Hex            #.......     97%         2    ###....
 Conjure Flame            Conj/Fire      #.......     100%        3    ####...
 Mephitic Cloud           Conj/Pois/Air  #.......     100%        3    ####...


Dungeon Overview and Level Annotations

Branches:
Dungeon (3/15)

Altars:


Innate Abilities, Weirdness & Mutations

You are too large for most types of armour.
You have claws for hands.
Your metabolism is lightning-fast.
You like to eat raw meat.
Your natural rate of healing is unusually fast.
You are covered in fur. (AC +1)
You have extremely tough skin. (AC +3)


Message History

You hit the orc priest. You drain the orc priest.
The orc priest is severely wounded.
The orc wizard points at you and mumbles some strange words.
The magic dart hits you.
* * * LOW HITPOINT WARNING * * *
The orc priest hits you but does no damage.
The orc wizard hits you but does no damage.
You block the quokka skeleton's attack.
You closely miss the orc priest.
The orc priest is severely wounded.
You block the orc wizard's attack.
The orc priest casts a cantrip, but nothing happens.
You closely miss the orc priest.
The orc priest is severely wounded.
The orc wizard hits you with a cursed -3 dagger.
* * * LOW HITPOINT WARNING * * *
The quokka skeleton bites you but does no damage.
The orc priest mumbles some strange prayers to Beogh against you.
Pain shoots through your body!
You die...

#..### # #.....# #....
#. #.#.#. #####
##.##..... ## #........
##. #.......# ###..
#.......## #...#
#....Zo.!#### ##..##
#...bo@.....######...#.
....####)###.....##..##.
. #.# ##........... #.#
#.....#..... ...
#....#...... ...
##...#...... ....#
#...#...... ....#
######..... #.....


You could see an orc priest, an orc wizard, a bat and a quokka skeleton.

Vanquished Creatures
  3 adders (D:2)
  3 gnolls (D:3)
  An ooze (D:3)
  A dart slug (D:1)
  2 worms
  7 orcs (D:3)
  6 bats
  4 goblins
  6 hobgoblins
  5 kobolds
  A ball python (D:1)
  3 frilled lizards
  3 rats (D:1)
45 creatures vanquished.

Notes
Turn   | Place    | Note
-------+----------+-------------------------------------------
     0 | D:1      | Hugehornet the Troll Fighter began the quest for the Orb.
     0 | D:1      | Reached XP level 1. HP: 22/22 MP: 0/0
    23 | D:1      | Reached skill level 2 in Maces & Flails
   156 | D:1      | Reached XP level 2. HP: 29/29 MP: 1/1
   536 | D:1      | Reached skill level 3 in Maces & Flails
   777 | D:2      | Reached XP level 3. HP: 34/36 MP: 2/2
   811 | D:2      | You fall into a shaft and drop 1 floor!
  1231 | D:3      | Reached XP level 4. HP: 44/44 MP: 3/3
  1246 | D:3      | Reached skill level 4 in Maces & Flails
  1383 | D:3      | Killed from afar by an orc priest

Levels and vault maps discovered:
D:1:      dpeg_arrival_pits, layout_loops_cross
D:2:      layout_rooms
D:3:      layout_rooms, minmay_misc_feat_five, grunt_ministairs_8

Skill      XL: |  1  2  3  4 |
---------------+-------------+-----
Maces & Flails | 2 3 4 |  4.5
Fighting       | |  2.4
Dodging        | |  2.4
Shields        | |  2.4

Action                   |  1- 3 |  4- 6 || total
-------------------------+-------+-------++-------
Melee: Flail             |    11 |       ||    11
       Whip              |    92 |    52 ||   144
 Stab: Sleeping          |     1 |       ||     1
  Eat: Chunk             |    12 |     4 ||    16
Armor: Robe              |    25 |     7 ||    32
Dodge: Dodged            |    36 |    12 ||    48
Block: Shield            |    38 |    26 ||    64
